 Dungeon Crawl Stone Soup version 0.31.0-12-g77e489cdc1 (webtiles) character file.

Game seed: 17129393908929797865

83 lordive the Changeling (level 4, 0/28 HPs)
             Began as an Octopode Shapeshifter on Feb 29, 2024.
             Slain by an orc wizard
             ... wielding a +0 dagger
              (4 damage)
             ... on level 3 of the Dungeon.
             The game lasted 00:01:44 (1461 turns).

lordive the Changeling (Octopode Shapeshifter)      Turns: 1461, Time: 00:01:44

Health: 0/28       AC:  1    Str: 13    XL:     4   Next: 44%
Magic:  4/4        EV: 13    Int: 12    God:
Gold:   102        SH:  0    Dex: 13    Spells: 3/3 levels left

rFire   . .          .
                       - Unarmed
rCold   . . .        (no shield)
rNeg    . . .        (helmet currently unavailable)
rPois   +            (no amulet)
rElec   .            f - ring of poison resistance
rCorr   .            (no ring)
SInv    .            (no ring)
Will    .....        (no ring)
Stlth   ++           (no ring)
HPRegen 0.24/turn    (no ring)
MPRegen 0.09/turn    (no ring)
                     (no ring)

%: no passive effects
@: beast-form
A: beast (slay +2), almost no armour, amphibious, 8 rings, camouflage 1,
gelatinous body 1, (nimble swimmer 1), tentacles
a: Begin Untransformation


You were on level 3 of the Dungeon.
You were a hulking beast.
You visited 1 branch of the dungeon, and saw 3 of its levels.

You collected 102 gold pieces.

Inventory:

Jewellery
 f - a ring of poison resistance (left tentacle)
Talismans
 b - a beast talisman
 c - a flux talisman
Scrolls
 d - 2 scrolls of identify {unknown}
 g - a scroll of enchant weapon {unknown}
 h - a scroll of butterflies {unknown}
 l - 6 scrolls of teleportation {unknown}
 n - a scroll of enchant armour {unknown}
 o - a scroll of noise {unknown}
Potions
 a - a potion of lignification
 e - a potion of curing {unknown}
 i - a potion of degeneration {unknown}
 j - a potion of cancellation {unknown}
 k - a potion of enlightenment {unknown}
 m - a potion of heal wounds {unknown}


   Skills:
 + Level 1.2 Fighting
 + Level 2.2 Dodging
 + Level 3.7 Unarmed Combat
 * Level 4.1 Shapeshifting


You had 3 spell levels left.
You didn't know any spells.
Your spell library contained the following spells:

 Spells                   Type           Power      Damage    Failure   Level
 Apportation              Tloc           0%         N/A       32%         1
 Necrotise                Necr           0%         1d4       32%         1
 Sting                    Conj/Alch      0%         1d3       32%         1
 Summon Small Mammal      Summ           0%         N/A       32%         1


Dungeon Overview and Level Annotations

Branches:
Dungeon (3/15)

Altars:
Qazlal


Innate Abilities, Weirdness & Mutations

You are a hulking beast.
Your limbs bulge with bestial killing power. (Slay +2)
You cannot wear most types of armour.
You are amphibious.
You can wear up to eight rings at the same time.
Your skin changes colour to match your surroundings (Stealth+).
Your rubbery body absorbs attacks. (AC +1, EV +1)
((You are camouflaged when in or above water. (Stealth+)))
You have tentacles for arms and can constrict up to eight enemies at once.


Message History

You tentacle-slap the orc priest. You grab the orc priest.
You squeeze the orc priest.
The orc priest is moderately wounded.
You constrict the orc priest, but do no damage.
You bludgeon the orc priest!
You squeeze the orc priest, but do no damage.
The orc priest is severely wounded.
You constrict the orc priest, but do no damage.
The orc closely misses you. The orc priest barely misses you.
You tentacle-slap the orc priest.
You kill the orc priest!
The orc hits you with a +0 club.
You have reached level 4!
You tentacle-slap the orc. Your grab misses the orc.
The orc is moderately wounded.
You bludgeon the orc!
You kill the orc!
The orc closely misses you.
You closely miss the orc. You grab the orc. You constrict the orc.
The orc hits you with a +0 club. Something hits you but does no damage.
You bludgeon the orc!
You kill the orc!
Something hits you.
No target in view!
No target in view!
No target in view!
No target in view!
You barely miss something.
You hear some strange, mumbled words.
A puff of flame appears from out of thin air!
The puff of flame hits you!
You tentacle-slap something but do no damage.
You squeeze something. Something hits you.
* * * LOW HITPOINT WARNING * * *
You barely miss something. Something hits you but does no damage.
You tentacle-slap something but do no damage.
Your tentacle-slap misses something.
Something hits you.
* * * LOW HITPOINT WARNING * * *
You miss something. Your squeeze misses something. Something hits you.
You die...

#.# #.#.##.# #.# #.#
#.#.##.# #.# #.#
#.#....# #.# #.
#.#.#### #)#
##.###.#.# #.# #####.)
.....# #.#
.......###.#.## #.#
#.....){##....######.#
#h##...........#
#.###..(######## #.#
##.## #.####.#
#?.....# .......######
...#...# # ...### ##.#


There were no monsters in sight!

Vanquished Creatures
  An orc priest (D:3)
  2 dart slugs (D:1)
  3 orcs
  5 endoplasms (D:1)
  A giant cockroach (D:2)
  6 goblins
  5 hobgoblins
  A quokka (D:1)
  2 ball pythons
  7 bats
  2 frilled lizards
  4 kobolds
  3 rats
42 creatures vanquished.

Notes
Turn   | Place    | Note
-------+----------+-------------------------------------------
     0 | D:1      | lordive the Octopode Shapeshifter began the quest for the
                  | Orb.
     0 | D:1      | Reached XP level 1. HP: 13/13 MP: 1/1
    92 | D:1      | Reached XP level 2. HP: 18/18 MP: 2/2
   353 | D:1      | Reached XP level 3. HP: 10/23 MP: 3/3
   773 | D:1      | Found a faded altar of an unknown god.
   849 | D:2      | Found a stormy altar of Qazlal.
  1425 | D:3      | Reached skill level 4 in Shapeshifting
  1453 | D:3      | Reached XP level 4. HP: 24/28 MP: 4/4
  1461 | D:3      | Slain by an orc wizard

Illustrated notes

Levels and vault maps discovered:
D:1:      scummos_arrival_checkerplants, layout_basic,
          dreamdust_ecumenical_altar_hidden_monk_grotto,
          nicolae_figureground_pulse
D:2:      layout_loops_ring, basic_altar
D:3:      layout_loops_ring, serial_bayou_lagoon_b

Skill      XL: |  1  2  3 |
---------------+----------+-----
Shapeshifting  | 4 |  4.1
Fighting       | |  1.2
Dodging        | |  2.2
Unarmed Combat | |  3.7

Action                     |  1- 3 |  4- 6 || total
---------------------------+-------+-------++-------
  Melee: Unarmed           |    60 |     9 ||    69
         Constrict         |    13 |     1 ||    14
         Tentacles         |    10 |     1 ||    11
         Punch             |     1 |       ||     1
   Stab: Sleeping          |     8 |       ||     8
 Armour: Skin              |    22 |     8 ||    30
  Dodge: Dodged            |    31 |     1 ||    32
